 Dungeon Crawl Stone Soup version 0.31-a0-204-g7da18cac08 (webtiles) character file.

Game seed: 11212431690759431136

3491 qw the Markself (level 9, -5/52 HPs)
             Began as a Deep Elf Hunter on June 27, 2023.
             Was a Follower of Okawaru.
             Shot with an arrow by a centaur warrior (15 damage)
             ... on level 8 of the Dungeon.
             The game lasted 00:02:18 (6829 turns).

qw the Markself (Deep Elf Hunter)                   Turns: 6829, Time: 00:02:19

Health: -5/52      AC:  7    Str: 12    XL:     9   Next: 80%
Magic:  9/11       EV: 18    Int: 15    God:    Okawaru [*.....]
Gold:   586        SH:  0    Dex: 21    Spells: 8/8 levels left

rFire   + . .        a - +8 orcbow of Noxious Reinforcement {heavy, +Blink rPois Dex+3}
rCold   + . .        (shield currently unavailable)
rNeg    . . .        e - +0 ring mail
rPois   +            i - +0 helmet
rElec   .            g - scarf {rC+ rF+}
rCorr   .            (no gloves)
SInv    .            (no boots)
Will    .....        (no amulet)
Stlth   +++          (no ring)
HPRegen 0.28/turn    (no ring)
MPRegen 0.12/turn

%: no passive effects
@: about to teleport, heroic
A: no striking features
a: Renounce Religion, Evoke Blink, Heroism


You were on level 8 of the Dungeon.
You worshipped Okawaru.
Okawaru was aware of your devotion.
You visited 2 branches of the dungeon, and saw 9 of its levels.
You also visited: Sewer.

You collected 586 gold pieces.


   Skills:
 - Level 4.1(9.1) Fighting
 - Level 16.0(21.0) Ranged Weapons
 - Level 1.3(6.3) Armour
 + Level 6.6(11.6) Dodging
 - Level 1.2(6.2) Stealth
 + Level 1.0 Invocations


You had 8 spell levels left.
You didn't know any spells.
Your spell library was empty.

Inventory:

Hand Weapons
 a - the +8 orcbow of Noxious Reinforcement (weapon) {heavy, +Blink rPois Dex+3}
   (You acquired it on level 1 of the Dungeon)

   Dex:       It affects your dexterity (+3).
   rPois:     It protects you from poison.
   +Blink:    It lets you blink.
Armour
 e - a +0 ring mail (worn)
 g - a scarf of resistance (worn)
 i - a +0 helmet (worn)
 k - the +3 ring mail of Egalitarianism {rF+ Will+ Dex-4 Stlth+}
   (You found it on level 8 of the Dungeon)

   Dex:       It affects your dexterity (-4).
   rF:        It protects you from fire.
   Will:      It increases your willpower.
   Stlth:     It makes you more stealthy.
 m - a +0 pair of boots
Scrolls
 c - a scroll of identify
 o - a scroll of blinking {unknown}
Potions
 b - 3 potions of curing
 d - a potion of might
 f - a potion of mutation
 h - 2 potions of resistance {unknown}
 j - a potion of cancellation {unknown}
 l - a potion of heal wounds {unknown}

Dungeon Overview and Level Annotations

Branches:
Dungeon (8/15)             Temple (1/1) D:7           Sewer (visited)
   Lair: D:8-11

Altars:
Ashenzari
Cheibriados
Dithmenos
Elyvilon
Gozag
Hepliaklqana
Kikubaaqudgha
Makhleb
Nemelex Xobeh
Okawaru
Qazlal
Ru
Sif Muna
Trog
Uskayaw
Vehumet
Wu Jian
Xom
Yredelemnul
Zin
The Shining One

Shops:
D:1 [   D:2 :

Annotations:
D:5 1 runed translucent door, Crazy Yiuf


Message History

Enter note:
Enter note:
Enter note:
Enter note:
Enter note:
Enter note:
Enter note:
Enter note:
Enter note:
6819 ||| Stepping ~*~*~tactically~*~*~ (outnumbered).
The white imp shouts, "Get thee hence, thou goatish fob-snatching codpiece!"
You hear a shout!
You hear an angry buzzing noise.
The centaur wields a +0 shortbow.
The centaur shoots an arrow.
The arrow hits you but does no damage.
A centaur warrior comes into view.
The centaur warrior shouts!
6821 ||| Stepping ~*~*~tactically~*~*~ (outnumbered).
The centaur warrior moves out of view.
The centaur shoots an arrow.
The arrow hits you.
A centaur comes into view.
The centaur shouts!
You hear an angry buzzing noise.
You hear a shout! x3
A skeletal warrior comes into view. It is wielding a +0 long sword.
6823 ||| INVOKING Heroism.
You gain the combat prowess of a mighty hero.
6824 ||| Stepping ~*~*~tactically~*~*~ (outnumbered).
You start resting.
The centaur warrior wields a +0 shortbow.
The centaur warrior shoots an arrow.
The arrow hits you!
You shoot an arrow. The arrow hits the centaur warrior!
The centaur warrior is lightly wounded.
The centaur warrior shoots an arrow.
The arrow hits you!
You shoot an arrow. The arrow hits the centaur warrior!!
The centaur warrior is severely wounded.
The centaur warrior shoots an arrow.
The arrow completely misses you.
The centaur warrior shoots an arrow.
The arrow hits you!
6829 ||| READING scroll of teleportation.
As you read the scroll of teleportation, it crumbles to dust.
You feel strangely unstable.
The centaur warrior shoots an arrow.
The arrow hits you!
You die...

...+..# #########.#
###.###### ...####
#.# #......... ..##
#.# .#.####..## ...#
#.# ........... ...#
#.# ###.#####).#
...# #.# #.......
...##############.#
##.###..
.......).....)....#
#.......
...........#####@.##
##).###.
##.........# ##..#
##.##.)....
...........# #c.#
#.......###
...........# .##..
#####...#
...........# .. ..#
#.....# .....#######
.## .... ####..###
.....# c. ...#
#...... cz .##..
#...... .5 ..
#..####


You could see a centaur warrior.

Vanquished Creatures
  Grinder (D:6)
  A vampire (D:5)
  A wyvern (D:8)
  2 steam dragons
  A water moccasin (D:6)
  A black bear (D:8)
  3 orc warriors
  An ice beast (D:5)
  5 ogres
  A centaur (D:5)
  A kobold brigand (D:8)
  2 scorpions
  A bullfrog (D:8)
  3 wights (D:8)
  2 howler monkeys (D:6)
  An electric eel (D:6)
  8 hounds
  2 jellies
  7 orc priests
  Jessica (D:3)
  A sleepcap (D:6)
  3 iguanas
  8 orc wizards
  A hell rat (Sewer)
  4 gnolls (D:6)
  2 river rats (Sewer)
  9 adders
  3 white imps
  4 ufetubi
  A worm (D:2)
  A dart slug (D:2)
  26 orcs
  2 bats
  4 endoplasms
  10 giant cockroaches
  6 goblins
  4 hobgoblins
  4 jackals (D:2)
  10 kobolds
  6 quokkas
  9 ball pythons
  4 frilled lizards
  6 rats
173 creatures vanquished.

Vanquished Creatures (others)
  An orc (D:6)
1 creature vanquished.

Grand Total: 174 creatures vanquished

Notes
Turn   | Place    | Note
-------+----------+-------------------------------------------
     0 | D:1      | qw the Deep Elf Hunter began the quest for the Orb.
     0 | D:1      | Reached XP level 1. HP: 12/12 MP: 3/3
     0 | D:1      | 0 ||| qw: Version: 0.3-a-22-g0ed2b0b
     0 | D:1      | 0 ||| qw: Game counter: 6485
     0 | D:1      | 0 ||| qw: Melee chars always use a shield: true
     0 | D:1      | 0 ||| qw: God list: Okawaru
     0 | D:1      | 0 ||| qw: Allow faded altars: false
     0 | D:1      | 0 ||| qw: Do Orc after clearing Dungeon:15 true
     0 | D:1      | 0 ||| qw: Do second Lair branch before Depths: true
     0 | D:1      | 0 ||| qw: Lair rune preference: random
     0 | D:1      | 0 ||| qw: Goals: Normal
     0 | D:1      | 0 ||| PLANNING D:1-11
   222 | D:1      | Reached skill level 6 in Ranged Weapons
   222 | D:1      | Reached XP level 2. HP: 16/16 MP: 4/4
   407 | D:1      | Found a faded altar of an unknown god.
   571 | D:1      | Found Esuicagae's Antique Armour Shoppe.
   581 | D:1      | 581 ||| SHOPLISTING pair of gloves (112 gold, have 64).
   581 | D:1      | 581 ||| SHOPLISTING pair of glowing gloves (187 gold, have
                  | 64).
   581 | D:1      | 581 ||| SHOPLISTING runed ice dragon scales (1575 gold,
                  | have 64).
   581 | D:1      | 581 ||| SHOPLISTING runed leather armour (125 gold, have
                  | 64).
   771 | D:1      | Reached XP level 3. HP: 20/20 MP: 5/5
   773 | D:1      | 773 ||| UPGRADING to +0 ring mail.
   783 | D:1      | 783 ||| DROPPING +0 leather armour.
   784 | D:1      | 784 ||| READING scroll labelled MAISTR WEMA.
   784 | D:1      | Identified a scroll of acquirement
   784 | D:1      | 784 ||| ACQUIRING +8 orcbow of Noxious Reinforcement
                  | {heavy, +Blink rPois Dex+3}
   784 | D:1      | Acquired the +8 orcbow of Noxious Reinforcement {heavy,
                  | +Blink rPois Dex+3}
   786 | D:1      | 786 ||| SWAPPING to +8 orcbow of Noxious Reinforcement
                  | {heavy, +Blink rPois Dex+3}.
   787 | D:1      | 787 ||| DROPPING +0 shortbow.
   788 | D:1      | 788 ||| DROPPING scroll of butterflies.
   849 | D:2      | Found Ciggy's Vocational Training.
   868 | D:2      | Reached skill level 7 in Ranged Weapons
   903 | D:2      | 903 ||| FLEEEEING.
   904 | D:2      | 904 ||| FLEEEEING.
   905 | D:2      | 905 ||| FLEEEEING.
   906 | D:2      | 906 ||| FLEEEEING.
   907 | D:2      | 907 ||| FLEEEEING.
   908 | D:2      | 908 ||| FLEEEEING.
   909 | D:2      | 909 ||| STAIRDANCE
   911 | D:2      | 911 ||| STAIRDANCE
   930 | D:1      | 930 ||| DROPPING +6 ring of intelligence.
   937 | D:2      | 937 ||| STAIRDANCE
   940 | D:1      | Reached XP level 4. HP: 24/25 MP: 6/6
  1059 | D:2      | Reached skill level 8 in Ranged Weapons
  1415 | D:2      | 1415 ||| READING 3 scrolls labelled MOLOAKOAH.
  1416 | D:2      | 1416 ||| READING scroll labelled PEPRASTETO.
  1417 | D:2      | 1417 ||| READING scroll labelled KUINIP ONER.
  1418 | D:2      | 1418 ||| DRINKING 2 murky green potions.
  1419 | D:2      | 1419 ||| READING 2 scrolls of identify.
  1419 | D:2      | 1419 ||| IDENTIFYING fuming yellow potion
  1420 | D:2      | 1420 ||| DROPPING potion of lignification.
  1421 | D:2      | 1421 ||| DROPPING potion of attraction.
  1648 | D:3      | Noticed Jessica
  1651 | D:3      | Killed Jessica
  1652 | D:3      | Reached XP level 5. HP: 29/29 MP: 7/7
  1971 | D:3      | 1971 ||| UPGRADING to scarf of resistance.
  1976 | D:3      | 1976 ||| UPGRADING to +0 helmet.
  1981 | D:3      | 1981 ||| READING scroll labelled HIEDOLEN XIYJ.
  1982 | D:3      | 1982 ||| READING 2 scrolls of identify.
  1982 | D:3      | 1982 ||| IDENTIFYING inky potion
  2009 | D:4      | 2009 ||| PLANNING SEWER
  2034 | D:4      | Reached skill level 9 in Ranged Weapons
  2114 | D:4      | Noticed an ogre
  2116 | D:4      | Killed an ogre
  2117 | D:4      | Reached skill level 3 in Dodging
  2117 | D:4      | Reached XP level 6. HP: 35/35 MP: 8/8
  2385 | D:4      | 2385 ||| Stepping ~*~*~tactically~*~*~ (water).
  2396 | D:4      | Found a glowing drain.
  2399 | D:4      | 2399 ||| READING scroll labelled ROPPISK JONE.
  2405 | D:4      | 2405 ||| Stepping ~*~*~tactically~*~*~ (water).
  2412 | Sewer    | Entered a sewer
  2414 | Sewer    | Reached skill level 10 in Ranged Weapons
  2433 | Sewer    | 2433 ||| Stepping ~*~*~tactically~*~*~ (water).
  2546 | Sewer    | 2546 ||| READING 2 scrolls of identify.
  2546 | Sewer    | 2546 ||| IDENTIFYING silvery potion
  2554 | D:4      | 2554 ||| PLANNING D:1-11
  2740 | D:5      | Entered Level 5 of the Dungeon
  2759 | D:5      | Reached skill level 1 in Armour
  2759 | D:5      | Reached XP level 7. HP: 40/40 MP: 9/9
  2890 | D:5      | Found a hide-covered altar of Uskayaw.
  3039 | D:5      | Reached skill level 11 in Ranged Weapons
  3144 | D:5      | Noticed a vampire
  3149 | D:5      | Reached skill level 12 in Ranged Weapons
  3149 | D:5      | Reached XP level 8. HP: 38/44 MP: 10/10
  3151 | D:5      | Reached skill level 3 in Fighting
  3334 | D:5      | Found a runed translucent door.
  3335 | D:5      | Noticed Crazy Yiuf
  3480 | D:5      | Found an ancient bone altar of Kikubaaqudgha.
  3570 | D:5      | 3570 ||| READING scroll labelled ZUKACH LATA.
  3571 | D:5      | 3571 ||| READING scroll labelled DYTTIE LODET.
  3685 | D:6      | Found a shimmering blue altar of Sif Muna.
  3691 | D:6      | Reached skill level 13 in Ranged Weapons
  3998 | D:6      | 3998 ||| Stepping ~*~*~tactically~*~*~ (outnumbered).
  4000 | D:6      | 4000 ||| Stepping ~*~*~tactically~*~*~ (outnumbered).
  4014 | D:6      | 4014 ||| FLEEEEING.
  4015 | D:6      | 4015 ||| FLEEEEING.
  4016 | D:6      | 4016 ||| STAIRDANCE
  4103 | D:5      | 4103 ||| READING scroll labelled CIN JIPTEECIUKHLE.
  4129 | D:5      | 4129 ||| READING scroll labelled GUIDAO ESHRAGRO.
  4195 | D:6      | 4195 ||| FLEEEEING.
  4263 | D:6      | 4263 ||| FLEEEEING.
  4273 | D:6      | 4273 ||| STAIRDANCE
  4316 | D:6      | 4316 ||| FLEEEEING.
  4322 | D:6      | Reached skill level 14 in Ranged Weapons
  4333 | D:6      | Reached XP level 9. HP: 50/50 MP: 11/11
  4341 | D:6      | Found a shimmering altar of Xom.
  4342 | D:6      | Found a stormy altar of Qazlal.
  4539 | D:6      | Found a radiant altar of Vehumet.
  4550 | D:6      | Noticed Grinder
  4552 | D:6      | Killed Grinder
  4553 | D:6      | Reached skill level 15 in Ranged Weapons
  4862 | D:6      | 4862 ||| READING scroll labelled HOIMATZEIKI.
  4963 | D:6      | 4963 ||| DRINKING 2 yellow potions.
  4964 | D:6      | 4964 ||| DROPPING potion of brilliance.
  5063 | D:7      | Found a white marble altar of Elyvilon.
  5101 | D:7      | Found a staircase to the Ecumenical Temple.
  5102 | D:7      | 5102 ||| PLANNING TEMPLE
  5110 | Temple   | Entered the Ecumenical Temple
  5111 | Temple   | 5111 ||| PLANNING OKAWARU WORSHIP
  5519 | Temple   | Became a worshipper of Warmaster Okawaru
  5520 | Temple   | 5520 ||| PLANNING D:1-11
  5572 | D:7      | Reached skill level 6 in Dodging
  5649 | D:7      | Found a glowing golden altar of the Shining One.
  5777 | D:7      | 5777 ||| FLEEEEING.
  5778 | D:7      | 5778 ||| FLEEEEING.
  5779 | D:7      | 5779 ||| FLEEEEING.
  5780 | D:7      | 5780 ||| FLEEEEING.
  5781 | D:7      | 5781 ||| FLEEEEING.
  5782 | D:7      | 5782 ||| FLEEEEING.
  5784 | D:7      | 5784 ||| FLEEEEING.
  6139 | D:7      | 6139 ||| READING 2 scrolls of identify.
  6139 | D:7      | 6139 ||| IDENTIFYING glowing orange potion
  6202 | D:8      | Identified the +3 ring mail of Egalitarianism {rF+ Will+
                  | Dex-4 Stlth+}
  6453 | D:8      | Reached * piety under Okawaru
  6628 | D:8      | 6628 ||| INVOKING Heroism.
  6633 | D:8      | Reached skill level 16 in Ranged Weapons
  6692 | D:8      | 6692 ||| Stepping ~*~*~tactically~*~*~ (outnumbered).
  6762 | D:8      | 6762 ||| INVOKING Heroism.
  6786 | D:8      | 6786 ||| FLEEEEING.
  6788 | D:8      | Reached skill level 1 in Invocations
  6819 | D:8      | 6819 ||| Stepping ~*~*~tactically~*~*~ (outnumbered).
  6820 | D:8      | Noticed a centaur warrior
  6821 | D:8      | 6821 ||| Stepping ~*~*~tactically~*~*~ (outnumbered).
  6823 | D:8      | Noticed a skeletal warrior
  6823 | D:8      | 6823 ||| INVOKING Heroism.
  6824 | D:8      | 6824 ||| Stepping ~*~*~tactically~*~*~ (outnumbered).
  6828 | D:8      | HP: 10/52 [centaur warrior/arrow (11)]
  6829 | D:8      | 6829 ||| READING scroll of teleportation.
  6829 | D:8      | Shot with an arrow by a centaur warrior

Levels and vault maps discovered:
D:1:      psy_arrival_spokes, layout_basic, serial_shops, shop_statue,
          shapermc_ecumenical_altar_pompeii
D:2:      layout_loops_cross, nicolae_shop_vocational
D:3:      layout_basic, chequers_serial_rivers_small_a,
          minmay_misc_feat_four_crosses, palyth_stone_intersect,
          serial_bayou_pond_c, uniq_jessica
D:4:      layout_loops_ring, gup_sewer_entry_pipe
D:5:      layout_loops_cross, marbit_many_paths,
          nicolae_uskayaw_murder_on_the_dancefloor, minmay_divided_ellipse,
          uniq_crazy_yiuf_cottage
D:6:      layout_basic, vehumet_crystals, mainiacjoe_overflow_chevrons,
          nicolae_overflow_squiral, uniq_grinder
D:7:      layout_gridville, tso_altar, elyvilon_altar_1,
          minmay_temple_entry_stoned_glass, corexii_item_surrounded_by_moat,
          hangedman_abyss_or_decor_slice
D:8:      minmay_bloctagon, layout_basic, lair_entry_dummy
Temple:   compressed_dpeg_triangle_lava_temple

Skill      XL: |  1  2  3  4  5  6  7  8  9 |
---------------+----------------------------+-----
Ranged Weapons | 6 7 8 9 10 12 14 16 | 16.0
Fighting       | 2 3 4 |  4.1
Dodging        | 3 4 5 6 |  6.6
Armour         | 1 |  1.3
Invocations    | 1 |  1.0
Stealth        | |  1.2

Action                     |  1- 3 |  4- 6 |  7- 9 || total
---------------------------+-------+-------+-------++-------
   Fire: Shortbow          |    64 |       |       ||    64
         Orcbow            |     8 |    86 |   162 ||   256
 Invoke: Heroism           |       |       |     3 ||     3
    Use: Scroll            |     1 |     8 |     7 ||    16
         Potion            |       |     1 |     1 ||     2
 Armour: Leather armour    |     2 |       |       ||     2
         Ring mail         |     2 |     3 |    23 ||    28
  Dodge: Dodged            |     8 |    10 |    23 ||    41

Table legend:
 A = Non-vault XP
 B = Vault XP
 C = Vault XP percentage of total XP
 D = Non-vault monster count
 E = Vault monster count
 F = Vault count percentage of total count
                 A         B        C        D         E       F
            +---------+---------+-------+---------+---------+-------
      Total |    3797 |    1191 |  23.9 |     143 |      30 |  17.3
            +---------+---------+-------+---------+---------+-------
        D:1 |      76 |       0 |   0.0 |      26 |       0 |   0.0
        D:2 |      86 |       0 |   0.0 |      19 |       0 |   0.0
        D:3 |      69 |      37 |  34.9 |      11 |       1 |   8.3
        D:4 |     370 |      18 |   4.6 |      13 |       9 |  40.9
        D:5 |     334 |     785 |  70.2 |      14 |      14 |  50.0
        D:6 |    1393 |     290 |  17.2 |      32 |       1 |   3.0
        D:7 |     364 |       0 |   0.0 |       9 |       0 |   0.0
        D:8 |    1105 |       0 |   0.0 |      19 |       0 |   0.0
      Sewer |       0 |      61 | 100.0 |       0 |       5 | 100.0
            +---------+---------+-------+---------+---------+-------
